Description

copy

Replay - ShoWTimE v SpeCial: Game 1 - Overgrowth LE (Void)

Build Order

Get SALT Encoding   

  14  0:18  Pylon  
  15  0:36  Gateway  
  16  0:43  Assimilator  
  19  1:19  Nexus  
  20  1:31  Cybernetics Core  
  20  1:38  Assimilator  
  22  1:49  Pylon  
  23  2:08  Mothership Core (Chrono Boost)  
  25  2:09  Adept  
  27  2:19  Warp Gate  
  30  2:39  Robotics Facility  
  30  2:43  Adept  
  36  3:01  Twilight Council  
  37  3:12  Gateway  
  38  3:18  Gateway  
  39  3:24  Observer  
  39  3:26  Pylon, Resonating Glaives  
  43  3:34  Assimilator  
  44  3:45  Assimilator  
  45  3:54  Pylon  
  46  3:57  Observer  
  49  4:07  Pylon  
  61  4:35  Pylon  
  62  4:39  Robotics Bay  
  68  5:08  Pylon  
  69  5:16  Gateway  
  69  5:17  Gateway  
  69  5:19  Gateway  
  71  5:24  Pylon  
  76  5:53  Extended Thermal Lance  
  77  6:00  Nexus  
Spawning Tool Build Advisor. Get it on Overwolf

Analysis

...

Go to:

Details

  • Created by: schmuesli
  • Published on: Jan 26, 2017
  • Modified on: Jan 26, 2017
  • Patch: 3.8.0
Show
View Real Time Build Order
Export as new Build Order

Comments (1)

On Jan. 29, 2017, 4:35 p.m., StoicLoofah  said:

Thanks for sharing this build. It looks like it's a Colossus Adept build? Can you explain a bit more about the composition and how to use it?

Create an account to comment!